 Dungeon Crawl Stone Soup version 0.25-a0-589-g1e14c549ee (webtiles) character file.

Game seed: 18171757112974616108, levelgen mode: deterministic

569 throwaway1 the Poker (level 7, -1/62 HPs)
             Began as a Minotaur Berserker on Mar 11, 2020.
             Was a Priest of Trog.
             Slain by an ogre
             ... wielding a cursed -3 giant club
              (10 damage)
             ... on level 5 of the Dungeon.
             The game lasted 00:22:07 (4202 turns).

throwaway1 the Poker (Minotaur Berserker)           Turns: 4202, Time: 00:22:07

Health: -1/62      AC:  9    Str: 27    XL:     7   Next: 11%
Magic:  6/6        EV: 10    Int:  4    God:    Trog [***...]
Gold:   222        SH:  0    Dex: 10    Spells: 6/6 levels left

rFire    . . .     SeeInvis .   a - +0 spear
rCold    . . .     Gourm    .   (no shield)
rNeg     . . .     Faith    .   t - +0 chain mail
rPois    .         Spirit   .   (helmet restricted)
rElec    .         Reflect  .   (no cloak)
rCorr    .         Harm     .   (no gloves)
MR       .....                  (no boots)
Stlth    ..........             (no amulet)
HPRegen  0.20/turn              g - +4 ring of strength
MPRegen  0.10/turn              (no ring)

@: about to teleport
A: retaliatory headbutt, horns 2
a: Berserk, Trog's Hand, Renounce Religion


You were on level 5 of the Dungeon.
You worshipped Trog.
Trog was most pleased with you.
You were not hungry.

You visited 1 branch of the dungeon, and saw 5 of its levels.

You collected 222 gold pieces.

Inventory:

Hand Weapons
 a - a +0 spear (weapon)
 l - a +0 hunting sling of flaming
 r - a cursed -2 short sword
 s - a +0 flail
Armour
 b - a +0 animal skin
 j - a +0 robe
 m - a +0 leather armour
 t - a +0 chain mail (worn)
Jewellery
 g - a +4 ring of strength (left hand)
 o - an uncursed ring of ice
 w - an uncursed ring of positive energy {unknown}
Scrolls
 d - 2 scrolls of immolation
 f - 3 scrolls of teleportation
 k - 2 scrolls of amnesia
 u - a scroll of magic mapping
 x - a scroll of identify
 y - a scroll of fear {unknown}
 z - 2 scrolls of fog {unknown}
Potions
 e - a potion of curing
 h - a potion of magic
 i - 2 potions of stabbing
 n - 2 potions of degeneration
 p - 2 potions of mutation
 q - a potion of lignification
 v - a potion of might {unknown}
 A - a potion of heal wounds {unknown}
Comestibles
 c - 5 rations


   Skills:
 + Level 5.8 Fighting
 + Level 6.7 Polearms
 + Level 4.1 Armour
 + Level 4.0 Dodging
 + Level 1.0 Stealth


You had 6 spell levels left.
You didn't know any spells.
Your spell library was empty.

Dungeon Overview and Level Annotations

Branches:
Dungeon (5/15)
 Temple: D:4-7

Altars:
Trog
Yredelemnul


Innate Abilities, Weirdness & Mutations

You reflexively headbutt those who attack you in melee.
You have a pair of horns on your head.


Message History

You closely miss the worker ant. You headbutt the worker ant.
You kill the worker ant!
Trog accepts your kill.
Your Armour skill increases to level 4!
The ogre hits you with a cursed -3 giant club!!
You puncture the ogre! Your headbutt misses the ogre.
The ogre is moderately wounded.
The ogre hits you with a cursed -3 giant club!
You barely miss the ogre. You headbutt the ogre.
The ogre is heavily wounded.
You completely miss the ogre.
The ogre is heavily wounded.
The ogre hits you with a cursed -3 giant club!
* * * LOW HITPOINT WARNING * * *
As you read the scroll of teleportation, it crumbles to dust.
You feel strangely unstable.
The ogre hits you with a cursed -3 giant club.
* * * LOW HITPOINT WARNING * * *
The ogre hits you with a cursed -3 giant club!
You die...

###### .....
#######....# .....
#.....#^...# ......
#...<......# ......
#.....#....###......
##.####....#...#....
##.##..@###......#
........O......#
#.###.######...# #
#.. #...# #..# #.###
#.# #.# .. ..# ..
.## .


You could see an ogre.

Vanquished Creatures
  Eustachio (D:4)
  An eye of draining (D:4)
  A scorpion (D:4)
  A crimson imp (D:3)
  A centaur skeleton (D:4)
  Natasha (thrice) (D:3)
  A worker ant (D:5)
  4 adders (D:2)
  A worm (D:4)
  5 dart slugs
  3 leopard geckos
  An orc (D:4)
  4 giant cockroaches
  15 goblins
  2 hobgoblins
  8 jackals (D:3)
  4 kobolds
  3 quokkas
  8 bats
  8 frilled lizards
  A giant cockroach zombie (D:3)
  6 rats
  A spectral orc (D:2)
83 creatures vanquished.

Notes
Turn   | Place    | Note
-------+----------+-------------------------------------------
     0 | D:1      | throwaway1 the Minotaur Berserker began the quest for the
                  | Orb.
     0 | D:1      | Reached XP level 1. HP: 19/19 MP: 0/0
   276 | D:1      | Reached XP level 2. HP: 11/27 MP: 1/1
   708 | D:1      | Reached skill level 4 in Polearms
   965 | D:2      | Reached XP level 3. HP: 30/33 MP: 2/2
  1415 | D:2      | Reached ** piety under Trog
  1530 | D:2      | Reached XP level 4. HP: 38/41 MP: 3/3
  1752 | D:2      | Found a basalt altar of Yredelemnul.
  1962 | D:3      | Reached skill level 5 in Polearms
  2365 | D:3      | Reached XP level 5. HP: 30/47 MP: 4/4
  2396 | D:3      | Reached *** piety under Trog
  2427 | D:3      | Noticed Natasha
  2436 | D:3      | Killed Natasha
  2667 | D:3      | Noticed Natasha
  2682 | D:3      | Killed Natasha
  2877 | D:3      | Noticed Natasha
  2888 | D:3      | Killed Natasha
  2888 | D:3      | Reached skill level 5 in Fighting
  3247 | D:4      | Reached skill level 6 in Polearms
  3247 | D:4      | Reached skill level 1 in Stealth
  3247 | D:4      | Reached XP level 6. HP: 48/56 MP: 5/5
  3527 | D:4      | Noticed Eustachio
  3608 | D:4      | Killed Eustachio
  3845 | D:4      | Found a bloodstained altar of Trog.
  3883 | D:4      | Reached XP level 7. HP: 62/62 MP: 0/6
  4170 | D:5      | Entered Level 5 of the Dungeon
  4202 | D:5      | Slain by an ogre

Levels and vault maps discovered:
D:1:      onia_arrival_pyramid, layout_basic, supply_closet_lemuel
D:2:      layout_loops_corners, yredelemnul_forgotten_temple_becter
D:3:      layout_loops_ring, uniq_natasha
D:4:      layout_rooms, trog_eyes_of_draining, uniq_eustachio
D:5:      layout_rooms, lemuel_coloured_pillars_altar, first_ration,
          uniq_grinder

Skill      XL: |  1  2  3  4  5  6  7 |
---------------+----------------------+-----
Fighting       | 4 5 |  5.8
Polearms       | 4 5 6 |  6.7
Dodging        | 3 4 |  4.0
Stealth        | 1 |  1.0
Armour         | 3 4 |  4.1

Action                   |  1- 3 |  4- 6 |  7- 9 || total
-------------------------+-------+-------+-------++-------
Melee: Spear             |    62 |   173 |    17 ||   252
       Headbutt          |     9 |    33 |     3 ||    45
  Use: Scroll            |     4 |     7 |     1 ||    12
  Eat: Chunk             |     2 |     5 |       ||     7
       Ration            |       |     1 |       ||     1
Armor: Animal skin       |     7 |    22 |       ||    29
       Chain mail        |       |    13 |     7 ||    20
Dodge: Dodged            |    52 |    85 |       ||   137

Table legend:
 A = Non-vault XP
 B = Vault XP
 C = Vault XP percentage of total XP
 D = Non-vault monster count
 E = Vault monster count
 F = Vault count percentage of total count
                 A         B        C        D         E       F
            +---------+---------+-------+---------+---------+-------
      Total |     438 |     375 |  46.1 |      77 |       6 |   7.2
            +---------+---------+-------+---------+---------+-------
        D:1 |      29 |       0 |   0.0 |      13 |       0 |   0.0
        D:2 |      88 |       1 |   1.1 |      24 |       1 |   4.0
        D:3 |     175 |      35 |  16.7 |      35 |       1 |   2.8
        D:4 |     113 |     339 |  75.0 |       4 |       4 |  50.0
        D:5 |      33 |       0 |   0.0 |       1 |       0 |   0.0
            +---------+---------+-------+---------+---------+-------
